WCHLSIM.com - West Coast Hockey League
html PUBLIC "-//W3C//DTD XHTML 1.0 Transitional//EN" "http://www.w3.org/TR/xhtml1/DTD/xhtml1-transitional.dtd"> WCHL - Game 277 - SEATTLE GRUNGE vs VICTORIA GLADIATORS

SEATTLE GRUNGE vs VICTORIA GLADIATORS

Created - 24 novembre 2021 at 21:09

Goals
1 2 3 OT1 T
SEATTLE GRUNGE 1 0 0 0 1
VICTORIA GLADIATORS 1 0 0 1 2
Shots
1 2 3 OT1 T
SEATTLE GRUNGE 10 5 3 2 20
VICTORIA GLADIATORS 7 14 18 1 40

1st period

1. VICTORIA GLADIATORS , Anze Kopitar 10 (Kyle Connor 12) at 10:55
2. SEATTLE GRUNGE , Warren Foegele 3 (Carl Hagelin 7) at 16:29

Penalties :
Ryan Carpenter (VIC) for Tripping (Minor) at 10:56

2nd period

No Goal

Penalties :
Warren Foegele (SEA) for Holding (Minor) at 1:40, Roman Josi (SEA) for Hooking (Minor) at 18:03

3rd period

No Goal

Penalties :
David Savard (SEA) for Hooking (Minor) at 8:15, Damon Severson (SEA) for Hooking (Minor) at 14:44

Overtime #1

3. VICTORIA GLADIATORS , Anze Kopitar 11 (Patrice Bergeron 8, Drew Doughty 7) at 0:58

Penalties :
No Penalty

Goalie Stats

Semyon Varlamov (SEA), 38 saves from 40 shots - (0,950), OTL, 7-7-1, 60:59 minutes
Anton Khudobin (VIC), 19 saves from 20 shots - (0,950), W, 11-3-2, 60:59 minutes

Players Stats for SEATTLE GRUNGE

Player Name              G  A  P  +/- PIM S  H  SB GA TA FO     MP     PP MP  PK MP  
------------------------------------------------------------------------------------
Braydon Coburn           0  0  0   0  0   0  0  1  0  0  0/0     3:24   0:00   1:21 
Carl Hagelin             0  1  1   0  0   2  0  0  0  0  0/4    22:10   1:21   4:46 
Conor Sheary             0  0  0   0  0   0  0  0  0  0  0/2    20:38   0:34   0:48 
Damon Severson           0  0  0   1  2   1  0  1  0  0  0/0    20:38   0:38   3:38 
Danny DeKeyser           0  0  0   0  0   0  0  1  0  0  0/0    15:23   0:00   2:55 
David Savard             0  0  0  -1  2   0  3  1  0  0  0/0    22:15   1:21   1:44 
Eric Staal               0  0  0   0  0   1  0  0  0  0  3/7     5:29   1:21   0:51 
Jakub Vrana              0  0  0  -1  0   4  3  0  0  0  0/2    20:53   0:38   0:00 
James Neal               0  0  0   0  0   1  0  0  0  0  1/1    12:07   0:00   0:00 
Kevin Rooney             0  0  0   0  0   2  2  0  0  0  6/19   15:42   0:00   4:13 
Marcus Sorensen          0  0  0   0  0   0  0  0  0  0  0/0    16:59   0:00   2:22 
Matthew Grzelcyk         0  0  0   0  0   0  0  1  0  0  0/0    12:28   0:00   0:00 
Mike Hoffman             0  0  0  -1  0   3  1  0  0  0  4/15   22:48   0:38   0:00 
Morgan Geekie            0  0  0   0  0   0  0  0  0  0  0/1     2:52   0:00   2:52 
Roman Josi               0  0  0   0  2   1  1  3  0  0  0/0    23:49   0:38   3:47 
Travis Sanheim           0  0  0  -1  0   0  0  2  0  0  0/0    22:59   1:21   2:27 
Tyler Seguin             0  0  0   0  0   2  0  0  0  0  1/2    17:24   1:21   0:00 
Warren Foegele           1  0  1   0  2   3  2  0  0  0  4/20   16:59   0:04   0:00 

Players Stats for VICTORIA GLADIATORS

Player Name              G  A  P  +/- PIM S  H  SB GA TA FO     MP     PP MP  PK MP  
------------------------------------------------------------------------------------
Anton Stralman           0  0  0   0  0   0  0  1  0  0  0/0    23:06   3:42   1:23 
Anze Kopitar             2  0  2   1  0   6  0  0  0  0  22/26  21:30   4:39   0:00 
Blake Wheeler            0  0  0   0  0   3  2  0  0  0  0/0    20:06   4:14   0:00 
Brady Skjei              0  0  0   1  0   1  0  0  0  0  0/0    22:48   4:14   0:00 
Conor Garland            0  0  0   0  0   2  1  0  0  0  1/1    12:56   0:00   1:23 
Derek Grant              0  0  0   0  0   0  0  0  0  0  2/5     6:36   0:00   0:36 
Drew Doughty             0  1  1   2  0   1  0  0  0  0  0/0    19:33   0:00   0:00 
James van Riemsdyk       0  0  0   0  0   9  0  0  0  0  1/1    21:19   4:39   0:00 
Jamie Drysdale           0  0  0  -1  0   0  1  1  0  0  0/0    14:06   0:00   0:36 
Jared McCann             0  0  0   0  0   1  0  0  0  0  7/14   12:56   0:00   1:23 
Josh Leivo               0  0  0   0  0   0  0  0  0  0  0/0     6:36   0:00   0:36 
Justin Holl              0  0  0   0  0   2  2  1  0  0  0/0    23:06   3:42   1:23 
Kyle Connor              0  1  1   0  0   3  1  0  0  0  0/0    19:09   3:17   0:00 
Nils Hoglander           0  0  0   0  0   2  1  0  0  0  0/0    14:50   3:17   0:00 
Patrice Bergeron         0  1  1   1  0   3  1  2  0  0  19/22  20:56   3:17   0:00 
Patrick Kane             0  0  0   0  0   4  0  0  0  0  1/3    21:19   4:39   0:00 
Ryan Carpenter           0  0  0   0  2   1  0  0  0  0  1/1     5:59   0:00   0:00 
Victor Mete              0  0  0  -1  0   2  1  1  0  0  0/0    14:06   0:00   0:36 

3 Stars

1 - Anze Kopitar (VIC)
2 - Semyon Varlamov (SEA)
3 - Drew Doughty (VIC)

Power Play

SEATTLE GRUNGE - 0 on 1 Attempt(s) - 0,00%
VICTORIA GLADIATORS - 0 on 4 Attempt(s) - 0,00%

Penalty Kill

SEATTLE GRUNGE - 4 on 4 Attempt(s) - 100,00% - Score 0 goal in Penalty Kill
VICTORIA GLADIATORS - 1 on 1 Attempt(s) - 100,00% - Score 0 goal in Penalty Kill

Team Stat

SEATTLE GRUNGE - Hits : 12 - Faceoff Wins : 19 - Blocked Shots : 10 - Penalty Minutes : 8
VICTORIA GLADIATORS - Hits : 10 - Faceoff Wins : 54 - Blocked Shots : 6 - Penalty Minutes : 2

Official

Referees : Kelly Sutherland and Chris Schlenker
Linesman : Brent Hooks and Steve Barton

Game Notes

No Game Note

Finance

Level 1 -- Attendance: 6233 (98,94%) -- Ticket Income 841 455 $
Level 2 -- Attendance: 5300 (100,00%) -- Ticket Income 530 000 $
Level 3 -- Attendance: 2061 (93,68%) -- Ticket Income 185 490 $
Level 4 -- Attendance: 4046 (96,33%) -- Ticket Income 202 300 $
Luxury Box -- Attendance: 786 (78,60%) -- Ticket Income 235 800 $
Game was played at the Verizon Center.
Total Attendance: 18426 (96,98%)
Total Ticket Income: 1 995 045 $
Other Expense: 19 950 $
Total Income: 1 975 095 $

SEATTLE GRUNGE

5 vs 5 Forward 
   Center                   Left Wing                Right Wing               Time % Phy DF OF 
 1 Mike Hoffman             Jakub Vrana              Conor Sheary             36     1   2  2  
 2 Warren Foegele           Carl Hagelin             Tyler Seguin             31     1   2  2  
 3 Kevin Rooney             Marcus Sorensen          James Neal               23     1   2  2  
 4 Eric Staal               Mike Hoffman             Marcus Sorensen          10     1   2  2  

5 vs 5 Defense 
   Defense                  Defense                                           Time % Phy DF OF 
 1 Roman Josi               Damon Severson                                    36     1   2  2  
 2 David Savard             Travis Sanheim                                    31     1   2  2  
 3 Matthew Grzelcyk         Danny DeKeyser                                    23     1   2  2  
 4 Braydon Coburn           Roman Josi                                        10     1   2  2  

PowerPlay Forward 
   Center                   Left Wing                Right Wing               Time % Phy DF OF 
 1 Mike Hoffman             Jakub Vrana              Conor Sheary             55     1   2  2  
 2 Eric Staal               Carl Hagelin             Tyler Seguin             45     1   2  2  

PowerPlay Defense
   Defense                  Defense                                           Time % Phy DF OF 
 1 Roman Josi               Damon Severson                                    55     1   2  2  
 2 David Savard             Travis Sanheim                                    45     1   2  2  

Penalty Kill 4 Players Forward 
   Center                   Wing                     Time % Phy DF OF 
 1 Kevin Rooney             Carl Hagelin             55     1   2  2  
 2 Morgan Geekie            Marcus Sorensen          45     1   2  2  

Penalty Kill 4 Players Defense
   Defense                  Defense                  Time % Phy DF OF 
 1 Roman Josi               Damon Severson           55     1   2  2  
 2 David Savard             Travis Sanheim           45     1   2  2  

Penalty Kill - 3 Players Forward 
   Forward                                           Time % Phy DF OF 
 1 Warren Foegele                                    55     1   2  2  
 2 Kevin Rooney                                      45     1   2  2  

Penalty Kill - 3 Players Defense
   Defense                  Defense                  Time % Phy DF OF 
 1 Roman Josi               Damon Severson           55     1   2  2  
 2 David Savard             Travis Sanheim           45     1   2  2  

4 vs 4 Forward 
   Center                   Wing                     Time % Phy DF OF 
 1 Mike Hoffman             Jakub Vrana              55     1   2  2  
 2 Carl Hagelin             Conor Sheary             45     1   2  2  

4 vs 4 Defense
   Defense                  Defense                  Time % Phy DF OF 
 1 Roman Josi               Damon Severson           55     1   2  2  
 2 David Savard             Travis Sanheim           45     1   2  2  

Last Minutes Offensive
   Center                   Left Wing                Right Wing               Defense                  Defense                  
   Mike Hoffman             Jakub Vrana              Conor Sheary             Roman Josi               Damon Severson           

Last Minutes Defensive
   Center                   Left Wing                Right Wing               Defense                  Defense                  
   Mike Hoffman             Jakub Vrana              Conor Sheary             Roman Josi               Damon Severson           

Goaltenders
Starting : Semyon Varlamov          
Backup : Ryan Miller              

Extra Forwards
Normal : Warren Foegele, James Neal, Kevin Rooney - PP : Warren Foegele, James Neal - PK : Kevin Rooney
Extra Defensemen
Normal : Matthew Grzelcyk, Danny DeKeyser, Braydon Coburn - PP : Matthew Grzelcyk - PK : Danny DeKeyser, Braydon Coburn
Penalty Shots
Mike Hoffman, Jakub Vrana, Carl Hagelin, Conor Sheary, Eric Staal
Custom OT Lines Forwards
Mike Hoffman, Jakub Vrana, Carl Hagelin, Conor Sheary, Eric Staal, Tyler Seguin, Warren Foegele, James Neal, Kevin Rooney, Marcus Sorensen
Custom OT Lines Defensemen
Roman Josi, Damon Severson, David Savard, Travis Sanheim, Matthew Grzelcyk

Scratches
Carter Rowney (Strained Back Injury), Wayne Simmonds (Chest/Ribs Injury), Turner Elson (Healthy)

VICTORIA GLADIATORS

5 vs 5 Forward 
   Center                   Left Wing                Right Wing               Time % Phy DF OF 
 1 Patrice Bergeron         James van Riemsdyk       Patrick Kane             36     0   2  3  
 2 Anze Kopitar             Kyle Connor              Blake Wheeler            32     0   2  3  
 3 Jared McCann             Conor Garland            Nils Hoglander           24     0   4  1  
 4 Derek Grant              Josh Leivo               Ryan Carpenter           8      0   4  1  

5 vs 5 Defense 
   Defense                  Defense                                           Time % Phy DF OF 
 1 Drew Doughty             Brady Skjei                                       40     0   3  2  
 2 Justin Holl              Anton Stralman                                    35     0   3  2  
 3 Victor Mete              Jamie Drysdale                                    25     0   4  1  
 4 Justin Holl              Anton Stralman                                    0      0   4  1  

PowerPlay Forward 
   Center                   Left Wing                Right Wing               Time % Phy DF OF 
 1 Anze Kopitar             James van Riemsdyk       Patrick Kane             60     0   0  5  
 2 Patrice Bergeron         Kyle Connor              Nils Hoglander           40     0   0  5  

PowerPlay Defense
   Defense                  Defense                                           Time % Phy DF OF 
 1 Blake Wheeler            Brady Skjei                                       60     0   1  4  
 2 Justin Holl              Anton Stralman                                    40     0   1  4  

Penalty Kill 4 Players Forward 
   Center                   Wing                     Time % Phy DF OF 
 1 Jared McCann             Conor Garland            60     1   2  2  
 2 Derek Grant              Ryan Carpenter           40     1   2  2  

Penalty Kill 4 Players Defense
   Defense                  Defense                  Time % Phy DF OF 
 1 Justin Holl              Anton Stralman           60     1   2  2  
 2 Jamie Drysdale           Victor Mete              40     1   2  2  

Penalty Kill - 3 Players Forward 
   Forward                                           Time % Phy DF OF 
 1 Jared McCann                                      55     0   5  0  
 2 Derek Grant                                       45     0   5  0  

Penalty Kill - 3 Players Defense
   Defense                  Defense                  Time % Phy DF OF 
 1 Drew Doughty             Brady Skjei              55     0   5  0  
 2 Jamie Drysdale           Victor Mete              45     0   5  0  

4 vs 4 Forward 
   Center                   Wing                     Time % Phy DF OF 
 1 Patrice Bergeron         Blake Wheeler            55     0   2  3  
 2 Derek Grant              Kyle Connor              45     0   2  3  

4 vs 4 Defense
   Defense                  Defense                  Time % Phy DF OF 
 1 Jamie Drysdale           Victor Mete              55     1   2  2  
 2 Drew Doughty             Brady Skjei              45     1   2  2  

Last Minutes Offensive
   Center                   Left Wing                Right Wing               Defense                  Defense                  
   Patrice Bergeron         James van Riemsdyk       Patrick Kane             Drew Doughty             Brady Skjei              

Last Minutes Defensive
   Center                   Left Wing                Right Wing               Defense                  Defense                  
   Anze Kopitar             Nils Hoglander           Conor Garland            Jamie Drysdale           Victor Mete              

Goaltenders
Starting : Anton Khudobin           
Backup : Petr Mrazek              

Extra Forwards
Normal : Blake Wheeler, James van Riemsdyk, Nils Hoglander - PP : Conor Garland, Derek Grant - PK : Josh Leivo
Extra Defensemen
Normal : Brady Skjei, Anton Stralman, Justin Holl - PP : Jamie Drysdale - PK : Anton Stralman, Justin Holl
Penalty Shots
Patrick Kane, Anze Kopitar, Patrice Bergeron, Kyle Connor, Conor Garland
Custom OT Lines Forwards
Patrice Bergeron, Anze Kopitar, Patrick Kane, James van Riemsdyk, Blake Wheeler, Kyle Connor, Conor Garland, Jared McCann, Nils Hoglander, Derek Grant
Custom OT Lines Defensemen
Drew Doughty, Justin Holl, Brady Skjei, Anton Stralman, Victor Mete

Scratches
Colton Parayko (Right Leg Injury)

% Time on Ice - SEATTLE GRUNGE

Lines # - Real PCT - Wanted PCT - Time Play
Normal Forward
1 - 38% - 36% - 19:16
2 - 32% - 31% - 16:03
3 - 23% - 23% - 11:29
4 - 7% - 10% - 3:17
Normal Defense
1 - 33% - 36% - 16:23
2 - 38% - 31% - 19:11
3 - 25% - 23% - 12:28
4 - 4% - 10% - 2:03
PP Forward
1 - 32% - 55% - 0:38
2 - 68% - 45% - 1:21
PP Defense
1 - 32% - 55% - 0:38
2 - 68% - 45% - 1:21
PK Forward
1 - 64% - 55% - 5:04
2 - 36% - 45% - 2:52
PK Defense
1 - 69% - 55% - 5:29
2 - 31% - 45% - 2:27
PK3 Forward
1 - 0% - 55%
2 - 0% - 45%
PK3 Defense
1 - 0% - 55%
2 - 0% - 45%
44 Forward
1 - 0% - 55%
2 - 0% - 45%
44 Defense
1 - 0% - 55%
2 - 0% - 45%
Last Minute Offensive  - 0:00
Last Minute Defensive  - 0:00
Total
Forward - 60:00
Defense - 60:00

% Time on Ice - VICTORIA GLADIATORS

Lines # - Real PCT - Wanted PCT - Time Play
Normal Forward
1 - 33% - 36% - 16:40
2 - 32% - 32% - 15:52
3 - 23% - 24% - 11:33
4 - 12% - 8% - 6:00
Normal Defense
1 - 37% - 40% - 18:34
2 - 36% - 35% - 18:01
3 - 27% - 25% - 13:30
4 - 0% - 0% - 0:00
PP Forward
1 - 59% - 60% - 4:39
2 - 41% - 40% - 3:17
PP Defense
1 - 53% - 60% - 4:14
2 - 47% - 40% - 3:42
PK Forward
1 - 70% - 60% - 1:23
2 - 30% - 40% - 0:36
PK Defense
1 - 70% - 60% - 1:23
2 - 30% - 40% - 0:36
PK3 Forward
1 - 0% - 55%
2 - 0% - 45%
PK3 Defense
1 - 0% - 55%
2 - 0% - 45%
44 Forward
1 - 0% - 55%
2 - 0% - 45%
44 Defense
1 - 0% - 55%
2 - 0% - 45%
Last Minute Offensive  - 0:00
Last Minute Defensive  - 0:00
Total
Forward - 60:00
Defense - 60:00

Play-by-Play

1st period


0:01 of 1st period - Patrice Bergeron wins face-off versus Mike Hoffman in neutral zone.
0:01 of 1st period - Patrice Bergeron is hit by Mike Hoffman.
0:31 of 1st period - Shot by Conor Sheary.
0:31 of 1st period - Deflect By Mike Hoffman.
0:31 of 1st period - Stopped by Anton Khudobin without a rebound.
0:32 of 1st period - Anze Kopitar wins face-off versus Warren Foegele in VICTORIA GLADIATORS zone.
1:06 of 1st period - Shot by Blake Wheeler.
1:06 of 1st period - Deflect By Anze Kopitar.
1:06 of 1st period - Stopped by Semyon Varlamov without a rebound.
1:07 of 1st period - Kevin Rooney wins face-off versus Jared McCann in SEATTLE GRUNGE zone.
1:30 of 1st period - Shot by Jared McCann.
1:30 of 1st period - Deflect By Nils Hoglander.
1:30 of 1st period - Shot Misses the Net.
1:32 of 1st period - Shot by Jared McCann.
1:32 of 1st period - Deflect By Conor Garland.
1:32 of 1st period - Shot Misses the Net.
1:34 of 1st period - Shot by Victor Mete.
1:34 of 1st period - Shot Misses the Net.
1:36 of 1st period - Shot by Victor Mete.
1:36 of 1st period - Stopped by Semyon Varlamov without a rebound.
1:37 of 1st period - Derek Grant wins face-off versus Mike Hoffman in SEATTLE GRUNGE zone.
1:48 of 1st period - Derek Grant is hit by Jakub Vrana and loses puck.
1:54 of 1st period - Off-side.
1:55 of 1st period - Patrice Bergeron wins face-off versus Warren Foegele in neutral zone.
2:32 of 1st period - Shot by Carl Hagelin.
2:32 of 1st period - Stopped by Anton Khudobin without a rebound.
2:33 of 1st period - Anze Kopitar wins face-off versus Eric Staal in VICTORIA GLADIATORS zone.
2:58 of 1st period - Shot by Marcus Sorensen.
2:58 of 1st period - Shot Misses the Net.
3:22 of 1st period - Shot by Blake Wheeler.
3:22 of 1st period - Shot Misses the Net.
4:03 of 1st period - Shot by Warren Foegele.
4:03 of 1st period - Shot Misses the Net.
4:36 of 1st period - Patrice Bergeron is hit by Jakub Vrana and loses puck.
4:41 of 1st period - Shot by Jakub Vrana.
4:41 of 1st period - Shot Blocked by Justin Holl.
4:45 of 1st period - Shot by Jakub Vrana.
4:45 of 1st period - Shot Blocked by Patrice Bergeron.
4:47 of 1st period - Shot by Conor Sheary.
4:47 of 1st period - Deflect By Jakub Vrana.
4:47 of 1st period - Shot Misses the Net.
4:49 of 1st period - Shot by David Savard.
4:49 of 1st period - Shot Misses the Net.
4:51 of 1st period - Shot by James Neal.
4:51 of 1st period - Stopped by Anton Khudobin without a rebound.
4:52 of 1st period - Derek Grant wins face-off versus Kevin Rooney in VICTORIA GLADIATORS zone.
6:13 of 1st period - Shot by Patrick Kane.
6:13 of 1st period - Shot Misses the Net.
6:15 of 1st period - Shot by Justin Holl.
6:15 of 1st period - Stopped by Semyon Varlamov without a rebound.
6:16 of 1st period - Anze Kopitar wins face-off versus Warren Foegele in SEATTLE GRUNGE zone.
6:21 of 1st period - Shot by Blake Wheeler.
6:21 of 1st period - Shot Misses the Net.
6:23 of 1st period - Shot by Anze Kopitar.
6:23 of 1st period - Shot Misses the Net.
6:37 of 1st period - Shot by Kyle Connor.
6:37 of 1st period - Shot Hit the Post.
6:56 of 1st period - Shot by Kyle Connor.
6:56 of 1st period - Deflect By Anze Kopitar.
6:56 of 1st period - Shot Blocked by Matthew Grzelcyk.
7:45 of 1st period - Shot by Conor Garland.
7:45 of 1st period - Shot Misses the Net.
8:56 of 1st period - Off-side.
8:57 of 1st period - Anze Kopitar wins face-off versus Warren Foegele in neutral zone.
9:04 of 1st period - Shot by Tyler Seguin.
9:04 of 1st period - Stopped by Anton Khudobin without a rebound.
9:05 of 1st period - Anze Kopitar wins face-off versus Warren Foegele in VICTORIA GLADIATORS zone.
9:12 of 1st period - Shot by Anze Kopitar.
9:12 of 1st period - Shot Hit the Post.
9:21 of 1st period - Icing by Anton Stralman.
9:22 of 1st period - Anze Kopitar wins face-off versus Kevin Rooney in VICTORIA GLADIATORS zone.
9:45 of 1st period - Shot by Blake Wheeler.
9:45 of 1st period - Stopped by Semyon Varlamov without a rebound.
9:46 of 1st period - Patrice Bergeron wins face-off versus Mike Hoffman in SEATTLE GRUNGE zone.
10:31 of 1st period - Shot by Patrice Bergeron.
10:31 of 1st period - Shot Misses the Net.
10:55 of 1st period - Shot by Anze Kopitar.
10:55 of 1st period - Goal by Anze Kopitar - SEATTLE GRUNGE : 0 - VICTORIA GLADIATORS : 1.
10:56 of 1st period - Kevin Rooney wins face-off versus Derek Grant in neutral zone.
10:56 of 1st period - Minor Penalty to Ryan Carpenter for Tripping.
10:57 of 1st period - Eric Staal wins face-off versus Jared McCann in VICTORIA GLADIATORS zone.
11:31 of 1st period - Shot by Eric Staal.
11:31 of 1st period - Stopped by Anton Khudobin with a rebound.
11:33 of 1st period - Shot by Travis Sanheim.
11:33 of 1st period - Shot Misses the Net.
11:35 of 1st period - Shot by Carl Hagelin.
11:35 of 1st period - Deflect By Tyler Seguin.
11:35 of 1st period - Shot Misses the Net.
11:57 of 1st period - Shot by Roman Josi.
11:57 of 1st period - Shot Misses the Net.
11:59 of 1st period - Shot by Roman Josi.
11:59 of 1st period - Shot Blocked by Jamie Drysdale.
12:01 of 1st period - Shot by Roman Josi.
12:01 of 1st period - Shot Misses the Net.
12:03 of 1st period - Shot by Roman Josi.
12:03 of 1st period - Deflect By Jakub Vrana.
12:03 of 1st period - Stopped by Anton Khudobin with a rebound.
12:05 of 1st period - Shot by Roman Josi.
12:05 of 1st period - Stopped by Anton Khudobin with a rebound.
13:45 of 1st period - Off-side.
13:46 of 1st period - Anze Kopitar wins face-off versus Mike Hoffman in neutral zone.
15:14 of 1st period - Shot by Warren Foegele.
15:14 of 1st period - Shot Misses the Net.
15:16 of 1st period - Shot by Warren Foegele.
15:16 of 1st period - Deflect By Tyler Seguin.
15:16 of 1st period - Stopped by Anton Khudobin without a rebound.
15:17 of 1st period - Patrice Bergeron wins face-off versus Kevin Rooney in VICTORIA GLADIATORS zone.
15:52 of 1st period - Shot by Patrick Kane.
15:52 of 1st period - Shot Misses the Net.
15:55 of 1st period - Icing by Kevin Rooney.
15:56 of 1st period - James Neal wins face-off versus Anze Kopitar in SEATTLE GRUNGE zone.
16:09 of 1st period - Victor Mete is hit by Kevin Rooney and loses puck.
16:29 of 1st period - Shot by Warren Foegele.
16:29 of 1st period - Goal by Warren Foegele - SEATTLE GRUNGE : 1 - VICTORIA GLADIATORS : 1.
16:30 of 1st period - Jared McCann wins face-off versus Mike Hoffman in neutral zone.
17:12 of 1st period - Shot by Nils Hoglander.
17:12 of 1st period - Stopped by Semyon Varlamov without a rebound.
17:13 of 1st period - Patrice Bergeron wins face-off versus Tyler Seguin in SEATTLE GRUNGE zone.
17:17 of 1st period - Icing by Damon Severson.
17:18 of 1st period - Patrice Bergeron wins face-off versus Carl Hagelin in SEATTLE GRUNGE zone.
17:52 of 1st period - Shot by James van Riemsdyk.
17:52 of 1st period - Shot Misses the Net.
17:54 of 1st period - Shot by James van Riemsdyk.
17:54 of 1st period - Stopped by Semyon Varlamov without a rebound.
17:55 of 1st period - Eric Staal wins face-off versus Anze Kopitar in SEATTLE GRUNGE zone.
17:55 of 1st period - Eric Staal is hit by Blake Wheeler.
18:04 of 1st period - Shot by Mike Hoffman.
18:04 of 1st period - Shot Misses the Net.
18:29 of 1st period - Shot by Blake Wheeler.
18:29 of 1st period - Shot Misses the Net.
18:47 of 1st period - Icing by Anton Stralman.
18:48 of 1st period - Anze Kopitar wins face-off versus Warren Foegele in VICTORIA GLADIATORS zone.
19:01 of 1st period - Warren Foegele is hit by Blake Wheeler and loses puck.
19:57 of 1st period - Shot by Mike Hoffman.
19:57 of 1st period - Stopped by Anton Khudobin without a rebound.
19:58 of 1st period - Kevin Rooney wins face-off versus Jared McCann in VICTORIA GLADIATORS zone.
Goals for this period are 1 for SEATTLE GRUNGE vs 1 for VICTORIA GLADIATORS.
Shots for this period are 10 for SEATTLE GRUNGE vs 7 for VICTORIA GLADIATORS.

2nd period


0:01 of 2nd period - Patrice Bergeron wins face-off versus Mike Hoffman in neutral zone.
0:14 of 2nd period - Shot by Patrick Kane.
0:14 of 2nd period - Shot Misses the Net.
0:16 of 2nd period - Shot by James van Riemsdyk.
0:16 of 2nd period - Stopped by Semyon Varlamov without a rebound.
0:17 of 2nd period - Conor Garland wins face-off versus Kevin Rooney in SEATTLE GRUNGE zone.
0:34 of 2nd period - Shot by Kevin Rooney.
0:34 of 2nd period - Stopped by Anton Khudobin with a rebound.
0:37 of 2nd period - Icing by Conor Garland.
0:38 of 2nd period - Jared McCann wins face-off versus Conor Sheary in VICTORIA GLADIATORS zone.
0:52 of 2nd period - Conor Garland is hit by Roman Josi and loses puck.
0:55 of 2nd period - Shot by Nils Hoglander.
0:55 of 2nd period - Shot Misses the Net.
0:57 of 2nd period - Shot by Conor Garland.
0:57 of 2nd period - Deflect By Jared McCann.
0:57 of 2nd period - Shot Misses the Net.
1:21 of 2nd period - Off-side.
1:22 of 2nd period - Patrice Bergeron wins face-off versus Warren Foegele in neutral zone.
1:27 of 2nd period - Shot by Patrick Kane.
1:27 of 2nd period - Shot Blocked by David Savard.
1:29 of 2nd period - Shot by Brady Skjei.
1:29 of 2nd period - Shot Misses the Net.
1:31 of 2nd period - Shot by Patrice Bergeron.
1:31 of 2nd period - Stopped by Semyon Varlamov with a rebound.
1:33 of 2nd period - Shot by Patrice Bergeron.
1:33 of 2nd period - Shot Misses the Net.
1:40 of 2nd period - Minor Penalty to Warren Foegele for Holding.
1:41 of 2nd period - Anze Kopitar wins face-off versus Kevin Rooney in SEATTLE GRUNGE zone.
2:08 of 2nd period - Shot by Anze Kopitar.
2:08 of 2nd period - Deflect By James van Riemsdyk.
2:08 of 2nd period - Stopped by Semyon Varlamov with a rebound.
2:10 of 2nd period - Shot by Anze Kopitar.
2:10 of 2nd period - Shot Misses the Net.
2:12 of 2nd period - Shot by James van Riemsdyk.
2:12 of 2nd period - Stopped by Semyon Varlamov with a rebound.
2:14 of 2nd period - Shot by Brady Skjei.
2:14 of 2nd period - Stopped by Semyon Varlamov without a rebound.
2:15 of 2nd period - Kevin Rooney wins face-off versus Patrice Bergeron in SEATTLE GRUNGE zone.
2:17 of 2nd period - Carl Hagelin is hit by Kyle Connor and loses puck.
3:33 of 2nd period - Shot by Patrick Kane.
3:33 of 2nd period - Shot Misses the Net.
3:35 of 2nd period - Shot by Patrick Kane.
3:35 of 2nd period - Shot Misses the Net.
3:37 of 2nd period - Shot by Anze Kopitar.
3:37 of 2nd period - Shot Blocked by Damon Severson.
3:43 of 2nd period - Shot by Ryan Carpenter.
3:43 of 2nd period - Stopped by Semyon Varlamov without a rebound.
3:44 of 2nd period - Mike Hoffman wins face-off versus Derek Grant in SEATTLE GRUNGE zone.
3:56 of 2nd period - Shot by Jakub Vrana.
3:56 of 2nd period - Shot Misses the Net.
4:03 of 2nd period - Conor Sheary is hit by Victor Mete and loses puck.
4:13 of 2nd period - Conor Sheary is hit by Jamie Drysdale and loses puck.
4:26 of 2nd period - Shot by Jakub Vrana.
4:26 of 2nd period - Shot Blocked by Victor Mete.
4:51 of 2nd period - Warren Foegele is hit by Justin Holl and loses puck.
5:23 of 2nd period - Shot by Blake Wheeler.
5:23 of 2nd period - Deflect By Anze Kopitar.
5:23 of 2nd period - Stopped by Semyon Varlamov without a rebound.
5:24 of 2nd period - Mike Hoffman wins face-off versus Patrice Bergeron in SEATTLE GRUNGE zone.
5:35 of 2nd period - Shot by Roman Josi.
5:35 of 2nd period - Deflect By Mike Hoffman.
5:35 of 2nd period - Shot Misses the Net.
5:53 of 2nd period - Shot by Mike Hoffman.
5:53 of 2nd period - Shot Misses the Net.
6:15 of 2nd period - Shot by Carl Hagelin.
6:15 of 2nd period - Stopped by Anton Khudobin without a rebound.
6:16 of 2nd period - Kevin Rooney wins face-off versus Jared McCann in VICTORIA GLADIATORS zone.
6:26 of 2nd period - Icing by Justin Holl.
6:27 of 2nd period - Jared McCann wins face-off versus Kevin Rooney in VICTORIA GLADIATORS zone.
6:27 of 2nd period - Conor Garland is hit by Kevin Rooney and loses puck.
9:30 of 2nd period - Shot by Jakub Vrana.
9:30 of 2nd period - Stopped by Anton Khudobin without a rebound.
9:31 of 2nd period - Anze Kopitar wins face-off versus Jakub Vrana in VICTORIA GLADIATORS zone.
9:48 of 2nd period - Shot by Kyle Connor.
9:48 of 2nd period - Stopped by Semyon Varlamov without a rebound.
9:49 of 2nd period - Jared McCann wins face-off versus Mike Hoffman in SEATTLE GRUNGE zone.
9:50 of 2nd period - Shot by Conor Garland.
9:50 of 2nd period - Stopped by Semyon Varlamov without a rebound.
9:51 of 2nd period - Patrice Bergeron wins face-off versus Conor Sheary in SEATTLE GRUNGE zone.
9:58 of 2nd period - Shot by Patrick Kane.
9:58 of 2nd period - Shot Misses the Net.
10:38 of 2nd period - Shot by James van Riemsdyk.
10:38 of 2nd period - Deflect By Patrice Bergeron.
10:38 of 2nd period - Shot Misses the Net.
12:56 of 2nd period - Shot by Mike Hoffman.
12:56 of 2nd period - Shot Misses the Net.
12:58 of 2nd period - Shot by Conor Sheary.
12:58 of 2nd period - Shot Misses the Net.
13:20 of 2nd period - Shot by Warren Foegele.
13:20 of 2nd period - Stopped by Anton Khudobin without a rebound.
13:21 of 2nd period - Patrice Bergeron wins face-off versus Kevin Rooney in VICTORIA GLADIATORS zone.
13:50 of 2nd period - Shot by Patrick Kane.
13:50 of 2nd period - Shot Misses the Net.
13:52 of 2nd period - Shot by James van Riemsdyk.
13:52 of 2nd period - Shot Misses the Net.
13:54 of 2nd period - Shot by James van Riemsdyk.
13:54 of 2nd period - Stopped by Semyon Varlamov with a rebound.
14:13 of 2nd period - Matthew Grzelcyk is hit by Justin Holl.
16:02 of 2nd period - Shot by Warren Foegele.
16:02 of 2nd period - Stopped by Anton Khudobin without a rebound.
16:03 of 2nd period - Jared McCann wins face-off versus Eric Staal in VICTORIA GLADIATORS zone.
16:11 of 2nd period - Off-side.
16:12 of 2nd period - Patrice Bergeron wins face-off versus Eric Staal in neutral zone.
16:29 of 2nd period - Shot by Patrick Kane.
16:29 of 2nd period - Stopped by Semyon Varlamov without a rebound.
16:30 of 2nd period - Warren Foegele wins face-off versus Jared McCann in SEATTLE GRUNGE zone.
17:12 of 2nd period - Justin Holl is hit by Warren Foegele and loses puck.
17:29 of 2nd period - Icing by David Savard.
17:30 of 2nd period - Patrick Kane wins face-off versus Warren Foegele in SEATTLE GRUNGE zone.
18:03 of 2nd period - Minor Penalty to Roman Josi for Hooking.
18:04 of 2nd period - Anze Kopitar wins face-off versus Morgan Geekie in SEATTLE GRUNGE zone.
18:25 of 2nd period - Shot by Blake Wheeler.
18:25 of 2nd period - Stopped by Semyon Varlamov without a rebound.
18:26 of 2nd period - Patrice Bergeron wins face-off versus Kevin Rooney in SEATTLE GRUNGE zone.
19:01 of 2nd period - Shot by Nils Hoglander.
19:01 of 2nd period - Shot Blocked by Braydon Coburn.
19:03 of 2nd period - Shot by Patrice Bergeron.
19:03 of 2nd period - Deflect By Kyle Connor.
19:03 of 2nd period - Shot Misses the Net.
19:05 of 2nd period - Shot by Justin Holl.
19:05 of 2nd period - Stopped by Semyon Varlamov without a rebound.
19:06 of 2nd period - Anze Kopitar wins face-off versus Carl Hagelin in SEATTLE GRUNGE zone.
19:09 of 2nd period - Shot by James van Riemsdyk.
19:09 of 2nd period - Stopped by Semyon Varlamov with a rebound.
19:17 of 2nd period - Shot by Patrick Kane.
19:17 of 2nd period - Shot Misses the Net.
Goals for this period are 0 for SEATTLE GRUNGE vs 0 for VICTORIA GLADIATORS.
Shots for this period are 5 for SEATTLE GRUNGE vs 14 for VICTORIA GLADIATORS.

3rd period


0:01 of 3rd period - Anze Kopitar wins face-off versus Kevin Rooney in neutral zone.
0:08 of 3rd period - Shot by Jared McCann.
0:08 of 3rd period - Stopped by Semyon Varlamov without a rebound.
0:09 of 3rd period - Mike Hoffman wins face-off versus Patrick Kane in SEATTLE GRUNGE zone.
0:09 of 3rd period - Mike Hoffman is hit by Patrice Bergeron.
0:49 of 3rd period - Shot by Jakub Vrana.
0:49 of 3rd period - Stopped by Anton Khudobin without a rebound.
0:50 of 3rd period - Anze Kopitar wins face-off versus Warren Foegele in VICTORIA GLADIATORS zone.
0:50 of 3rd period - Anze Kopitar is hit by Warren Foegele.
0:58 of 3rd period - Shot by Kyle Connor.
0:58 of 3rd period - Stopped by Semyon Varlamov with a rebound.
1:03 of 3rd period - Icing by Travis Sanheim.
1:04 of 3rd period - Jared McCann wins face-off versus Warren Foegele in SEATTLE GRUNGE zone.
1:04 of 3rd period - Conor Garland is hit by David Savard and loses puck.
1:08 of 3rd period - Icing by Warren Foegele.
1:09 of 3rd period - Tyler Seguin wins face-off versus Anze Kopitar in SEATTLE GRUNGE zone.
1:46 of 3rd period - Shot by Drew Doughty.
1:46 of 3rd period - Shot Blocked by Travis Sanheim.
3:35 of 3rd period - Shot by Conor Garland.
3:35 of 3rd period - Stopped by Semyon Varlamov without a rebound.
3:36 of 3rd period - Anze Kopitar wins face-off versus Kevin Rooney in SEATTLE GRUNGE zone.
4:12 of 3rd period - Shot by Kevin Rooney.
4:12 of 3rd period - Stopped by Anton Khudobin without a rebound.
4:13 of 3rd period - Warren Foegele wins face-off versus Patrick Kane in VICTORIA GLADIATORS zone.
4:17 of 3rd period - Icing by Anton Stralman.
4:18 of 3rd period - Patrice Bergeron wins face-off versus Warren Foegele in VICTORIA GLADIATORS zone.
4:29 of 3rd period - Shot by James van Riemsdyk.
4:29 of 3rd period - Shot Misses the Net.
4:31 of 3rd period - Shot by James van Riemsdyk.
4:31 of 3rd period - Deflect By Patrick Kane.
4:31 of 3rd period - Stopped by Semyon Varlamov without a rebound.
4:32 of 3rd period - Warren Foegele wins face-off versus Jared McCann in SEATTLE GRUNGE zone.
4:38 of 3rd period - Warren Foegele is hit by Conor Garland and loses puck.
4:52 of 3rd period - Icing by Matthew Grzelcyk.
4:53 of 3rd period - Patrice Bergeron wins face-off versus Carl Hagelin in SEATTLE GRUNGE zone.
5:12 of 3rd period - Shot by James van Riemsdyk.
5:12 of 3rd period - Shot Misses the Net.
5:30 of 3rd period - Shot by Jakub Vrana.
5:30 of 3rd period - Shot Blocked by Anton Stralman.
5:38 of 3rd period - Shot by Mike Hoffman.
5:38 of 3rd period - Shot Blocked by Patrice Bergeron.
5:40 of 3rd period - Shot by Damon Severson.
5:40 of 3rd period - Stopped by Anton Khudobin without a rebound.
5:41 of 3rd period - Anze Kopitar wins face-off versus Kevin Rooney in VICTORIA GLADIATORS zone.
5:50 of 3rd period - Shot by Anze Kopitar.
5:50 of 3rd period - Deflect By Blake Wheeler.
5:50 of 3rd period - Shot Misses the Net.
5:52 of 3rd period - Shot by Drew Doughty.
5:52 of 3rd period - Stopped by Semyon Varlamov with a rebound.
5:54 of 3rd period - Shot by Anze Kopitar.
5:54 of 3rd period - Stopped by Semyon Varlamov with a rebound.
7:20 of 3rd period - Off-side.
7:21 of 3rd period - James van Riemsdyk wins face-off versus Warren Foegele in neutral zone.
7:26 of 3rd period - Shot by Patrick Kane.
7:26 of 3rd period - Stopped by Semyon Varlamov without a rebound.
7:27 of 3rd period - Patrice Bergeron wins face-off versus Warren Foegele in SEATTLE GRUNGE zone.
7:28 of 3rd period - Shot by Patrick Kane.
7:28 of 3rd period - Shot Misses the Net.
7:42 of 3rd period - Shot by Patrice Bergeron.
7:42 of 3rd period - Shot Misses the Net.
7:44 of 3rd period - Shot by James van Riemsdyk.
7:44 of 3rd period - Stopped by Semyon Varlamov with a rebound.
7:46 of 3rd period - Shot by Victor Mete.
7:46 of 3rd period - Stopped by Semyon Varlamov with a rebound.
7:48 of 3rd period - Shot by Patrice Bergeron.
7:48 of 3rd period - Stopped by Semyon Varlamov without a rebound.
7:49 of 3rd period - Kevin Rooney wins face-off versus Jared McCann in SEATTLE GRUNGE zone.
8:15 of 3rd period - Minor Penalty to David Savard for Hooking.
8:16 of 3rd period - Anze Kopitar wins face-off versus Kevin Rooney in SEATTLE GRUNGE zone.
8:47 of 3rd period - Shot by Anze Kopitar.
8:47 of 3rd period - Stopped by Semyon Varlamov with a rebound.
8:49 of 3rd period - Shot by Patrick Kane.
8:49 of 3rd period - Shot Misses the Net.
8:51 of 3rd period - Shot by Patrick Kane.
8:51 of 3rd period - Shot Misses the Net.
9:17 of 3rd period - Shot by Kyle Connor.
9:17 of 3rd period - Shot Blocked by Travis Sanheim.
9:19 of 3rd period - Shot by Justin Holl.
9:19 of 3rd period - Shot Misses the Net.
9:21 of 3rd period - Shot by Nils Hoglander.
9:21 of 3rd period - Stopped by Semyon Varlamov with a rebound.
9:23 of 3rd period - Shot by Kyle Connor.
9:23 of 3rd period - Shot Misses the Net.
9:31 of 3rd period - Shot by Patrice Bergeron.
9:31 of 3rd period - Stopped by Semyon Varlamov without a rebound.
9:32 of 3rd period - Anze Kopitar wins face-off versus Carl Hagelin in SEATTLE GRUNGE zone.
10:17 of 3rd period - Shot by Derek Grant.
10:17 of 3rd period - Shot Misses the Net.
10:54 of 3rd period - Icing by Jamie Drysdale.
10:55 of 3rd period - Ryan Carpenter wins face-off versus Warren Foegele in VICTORIA GLADIATORS zone.
11:13 of 3rd period - Icing by Danny DeKeyser.
11:14 of 3rd period - Warren Foegele wins face-off versus Patrice Bergeron in SEATTLE GRUNGE zone.
11:37 of 3rd period - Icing by Matthew Grzelcyk.
11:38 of 3rd period - Jared McCann wins face-off versus Warren Foegele in SEATTLE GRUNGE zone.
12:22 of 3rd period - Shot by Conor Sheary.
12:22 of 3rd period - Shot Misses the Net.
12:51 of 3rd period - Off-side.
12:52 of 3rd period - Patrice Bergeron wins face-off versus Kevin Rooney in neutral zone.
13:39 of 3rd period - Patrice Bergeron is hit by David Savard and loses puck.
13:54 of 3rd period - Shot by Blake Wheeler.
13:54 of 3rd period - Shot Misses the Net.
14:21 of 3rd period - Shot by Blake Wheeler.
14:21 of 3rd period - Shot Misses the Net.
14:23 of 3rd period - Shot by Kyle Connor.
14:23 of 3rd period - Shot Misses the Net.
14:25 of 3rd period - Shot by Kyle Connor.
14:25 of 3rd period - Stopped by Semyon Varlamov without a rebound.
14:26 of 3rd period - Mike Hoffman wins face-off versus Derek Grant in SEATTLE GRUNGE zone.
14:44 of 3rd period - Minor Penalty to Damon Severson for Hooking.
14:45 of 3rd period - Eric Staal wins face-off versus Anze Kopitar in SEATTLE GRUNGE zone.
14:58 of 3rd period - Shot by Blake Wheeler.
14:58 of 3rd period - Shot Blocked by Danny DeKeyser.
15:00 of 3rd period - Shot by James van Riemsdyk.
15:00 of 3rd period - Deflect By Patrick Kane.
15:00 of 3rd period - Shot Misses the Net.
15:20 of 3rd period - Shot by Anze Kopitar.
15:20 of 3rd period - Deflect By Patrick Kane.
15:20 of 3rd period - Stopped by Semyon Varlamov with a rebound.
15:22 of 3rd period - Shot by James van Riemsdyk.
15:22 of 3rd period - Stopped by Semyon Varlamov without a rebound.
15:23 of 3rd period - Patrice Bergeron wins face-off versus Eric Staal in SEATTLE GRUNGE zone.
15:48 of 3rd period - Shot by Kyle Connor.
15:48 of 3rd period - Shot Blocked by Roman Josi.
17:09 of 3rd period - Icing by Roman Josi.
17:10 of 3rd period - Patrice Bergeron wins face-off versus Mike Hoffman in SEATTLE GRUNGE zone.
17:13 of 3rd period - Shot by Patrick Kane.
17:13 of 3rd period - Deflect By James van Riemsdyk.
17:13 of 3rd period - Stopped by Semyon Varlamov without a rebound.
17:14 of 3rd period - Anze Kopitar wins face-off versus Warren Foegele in SEATTLE GRUNGE zone.
17:14 of 3rd period - Blake Wheeler is hit by David Savard and loses puck.
17:22 of 3rd period - Off-side.
17:23 of 3rd period - Patrice Bergeron wins face-off versus Jakub Vrana in neutral zone.
17:36 of 3rd period - Shot by Mike Hoffman.
17:36 of 3rd period - Shot Misses the Net.
18:18 of 3rd period - Icing by Travis Sanheim.
18:19 of 3rd period - Anze Kopitar wins face-off versus Mike Hoffman in SEATTLE GRUNGE zone.
18:24 of 3rd period - Shot by Blake Wheeler.
18:24 of 3rd period - Stopped by Semyon Varlamov with a rebound.
18:26 of 3rd period - Shot by Anze Kopitar.
18:26 of 3rd period - Shot Misses the Net.
18:28 of 3rd period - Shot by Justin Holl.
18:28 of 3rd period - Shot Misses the Net.
18:30 of 3rd period - Shot by Anze Kopitar.
18:30 of 3rd period - Shot Misses the Net.
19:19 of 3rd period - Jakub Vrana is hit by Nils Hoglander and loses puck.
Goals for this period are 0 for SEATTLE GRUNGE vs 0 for VICTORIA GLADIATORS.
Shots for this period are 3 for SEATTLE GRUNGE vs 18 for VICTORIA GLADIATORS.

Overtime #1


0:01 of 1st overtime period - Anze Kopitar wins face-off versus Mike Hoffman in neutral zone.
0:20 of 1st overtime period - Shot by Mike Hoffman.
0:20 of 1st overtime period - Stopped by Anton Khudobin without a rebound.
0:21 of 1st overtime period - Anze Kopitar wins face-off versus Mike Hoffman in VICTORIA GLADIATORS zone.
0:21 of 1st overtime period - Anze Kopitar is hit by Jakub Vrana.
0:44 of 1st overtime period - Shot by Jakub Vrana.
0:44 of 1st overtime period - Stopped by Anton Khudobin with a rebound.
0:50 of 1st overtime period - Shot by Patrice Bergeron.
0:50 of 1st overtime period - Shot Blocked by Roman Josi.
0:52 of 1st overtime period - Shot by Patrice Bergeron.
0:52 of 1st overtime period - Deflect By Anze Kopitar.
0:52 of 1st overtime period - Shot Blocked by Roman Josi.
0:58 of 1st overtime period - Shot by Anze Kopitar.
0:58 of 1st overtime period - Goal by Anze Kopitar - SEATTLE GRUNGE : 1 - VICTORIA GLADIATORS : 2.
Goals for this period are 0 for SEATTLE GRUNGE vs 1 for VICTORIA GLADIATORS.
Shots for this period are 2 for SEATTLE GRUNGE vs 1 for VICTORIA GLADIATORS.


RYAN
NUGENT-HOPKINS
THATCHER
DEMKO
MITCHELL
MARNER

EAST COAST

HOCKEY LEAGUE

  • 13.MAN3PIT5
  • 14.NHW2ATL3
  • 15.PET5WOR4
  • 16.RHI30
  • 17.QUECHI
  • 18.CHALIM
  • 19.TRVLON
  • 20.CHWBAL